 Dungeon Crawl Stone Soup version 0.30.1 (webtiles) character file.

Game seed: 15687124661209451939

567 AIAndy the Geomancer (level 7, 0/36 HPs)
             Began as a Gargoyle Earth Elementalist on July 5, 2023.
             Killed from afar by an orc wizard (5 damage)
             ... with a magic dart
             ... on level 4 of the Dungeon.
             The game lasted 00:13:13 (3098 turns).

AIAndy the Geomancer (Gargoyle Earth Elementalist)  Turns: 3098, Time: 00:13:13

Health: 0/36       AC:  9    Str: 11    XL:     7   Next: 33%
Magic:  9/12       EV: 11    Int: 21    God:
Gold:   69         SH:  0    Dex: 10    Spells: 8/12 levels left

rFire   x . .        r - +2 morningstar (holy)
rCold   + . .        (no shield)
rNeg    + . .        a - +0 robe
rPois   ∞            k - +1 helmet {Int+3}
rElec   +            n - +0 cloak
rCorr   .            (no gloves)
SInv    .            (no boots)
Will    .....        (no amulet)
Stlth   ++           d - ring of ice
HPRegen 0.26/turn    (no ring)
MPRegen 0.13/turn

%: no passive effects
@: no status effects
A: sickness immunity, AC +4, negative energy resistance 1, electricity
resistance, torment resistance 1, petrification resistance
a: no special abilities


You were on level 4 of the Dungeon.
You visited 1 branch of the dungeon, and saw 4 of its levels.

You collected 69 gold pieces.

Inventory:

Hand Weapons
 r - a +2 morningstar of holy wrath (weapon)
Armour
 a - a +0 robe (worn)
 k - a +1 helmet of intelligence (worn)
 n - a +0 cloak (worn)
Jewellery
 d - a ring of ice (left hand)
Scrolls
 e - a scroll of magic mapping {unknown}
 g - 4 scrolls of teleportation
 p - a scroll of blinking
Potions
 b - a potion of magic
 c - 2 potions of might
 h - a potion of flight {unknown}
 i - 2 potions of curing
 l - a potion of mutation {unknown}
 o - a potion of brilliance {unknown}
 q - a potion of lignification {unknown}
 s - a potion of heal wounds {unknown}
 u - a potion of resistance {unknown}


   Skills:
 - Level 1.5 Dodging
 - Level 2.1 Stealth
 + Level 3.4 Spellcasting
 - Level 0.7 Transmutations
 + Level 9.1 Earth Magic


You had 8 spell levels left.
You knew the following spells:

 Your Spells              Type           Power      Damage    Failure   Level
a - Sandblast             Erth           82%        2d17      1%          1
b - Stone Arrow           Conj/Erth      44%        3d9       6%          3

Your spell library contained the following spells:

 Spells                   Type           Power      Damage    Failure   Level
 Passwall                 Tmut/Erth      20%        N/A       2%          2
 Magic Dart               Conj           12%        1d3       13%         1
 Petrify                  Tmut/Erth      24%        N/A       17%         4
 Blink                    Tloc           6%         N/A       19%         2
 Lesser Beckoning         Tloc           6%         N/A       19%         2
 Searing Ray              Conj           6%         2d4       19%         2
 Ignite Poison            Fire/Tmut/Pois 4%         N/A       34%         3
 Gell's Gravitas          Tloc           3%         N/A       36%         3
 Teleport Other           Tloc           3%         N/A       36%         3
 Fulminant Prism          Conj/Hex       1%         3d5       77%         4
 Manifold Assault         Tloc           3%         N/A       77%         4
 Sticky Flame             Conj/Fire      3%         2d3       77%         4
 Storm Form               Tmut/Air       2%         N/A       100%        7
 Ignition                 Fire           1%         3d3       100%        8


Dungeon Overview and Level Annotations

Branches:
Dungeon (4/15)
 Temple: D:4-7

Altars:


Innate Abilities, Weirdness & Mutations

You are immune to sickness and miasma.
Your stone body is resilient. (AC +4)
You are immune to poison.
You resist negative energy. (rN+)
You are resistant to electric shocks. (rElec)
You are resistant to unholy torment.
You are immune to petrification.


Message History

You hear some strange, mumbled words.
Something tries to affect you, but you resist.
You miss something. Something hits you but does no damage. Something hits you.
You hear some strange, mumbled words.
A puff of flame appears from out of thin air!
The puff of flame hits you! The fire burns you terribly!
Something hits you but does no damage.
You miss something.
You hear some strange, mumbled words.
A magic dart appears from out of thin air!
The magic dart hits you.
You hear some strange, mumbled words.
You are more confused.
You bump into the rock wall.
Something hits you but does no damage.
You're too confused to move!
Something hits you.
You miss something. Something hits you but does no damage.
You bump into the rock wall.
An orc wizard appears from thin air!
Reactivating autopickup.
The orc wizard completely misses you.
You're too confused to cast spells.
The orc wizard points at you and mumbles some strange words.
The magic dart hits you.
You bump into the rock wall.
The orc wizard casts a spell at you. The puff of flame hits you!
The fire burns you terribly!
* * * LOW HITPOINT WARNING * * *
The orc wizard hits you with a +0 dagger.
* * * LOW HITPOINT WARNING * * *
You miss the orc wizard.
The orc wizard is almost dead.
The orc wizard completely misses you. The orc wizard barely misses you.
You bump into the rock wall.
The orc wizard completely misses you.
You're too confused to move!
The orc wizard hits you but does no damage.
You bump into the rock wall.
You feel less confused.
The orc wizard points at you and mumbles some strange words.
The magic dart hits you.
You die...

#.# ##### #.# #...
##.######.#
##...##....#
#.....#....#
.###...##.##.# #
#..........##.#####.#
.#.###.###.##.......#
# #.# #...o@....##
#+# #####.##### #)#
#)# #)# #.. ..< #..
#.#.


You could see an orc wizard.

Vanquished Creatures
  An ogre (D:4)
  2 phantoms (D:3)
  2 orc priests (D:3)
  Crazy Yiuf (D:2)
  Terence (D:2)
  2 orc wizards
  Natasha (twice) (D:2)
  4 adders
  A worm (D:3)
  3 dart slugs
  13 orcs
  10 ball pythons
  5 endoplasms
  2 giant cockroaches
  3 hobgoblins
  4 jackals
  2 quokkas
  8 bats
  A frilled lizard (D:3)
  2 goblins
  5 kobolds
  2 rats (D:1)
76 creatures vanquished.

Notes
Turn   | Place    | Note
-------+----------+-------------------------------------------
     0 | D:1      | AIAndy the Gargoyle Earth Elementalist began the quest for
                  | the Orb.
     0 | D:1      | Reached XP level 1. HP: 10/10 MP: 3/3
    40 | D:1      | Reached skill level 4 in Earth Magic
    55 | D:1      | Reached XP level 2. HP: 13/15 MP: 0/5
   346 | D:1      | You fall into a shaft and drop 1 floor!
   581 | D:1      | Reached XP level 3. HP: 16/19 MP: 3/6
   647 | D:1      | Reached skill level 5 in Earth Magic
  1027 | D:2      | Learned a level 3 spell: Stone Arrow
  1228 | D:2      | Found a faded altar of an unknown god.
  1252 | D:2      | Noticed Natasha
  1256 | D:2      | Killed Natasha
  1257 | D:2      | Reached skill level 6 in Earth Magic
  1257 | D:2      | Reached XP level 4. HP: 24/24 MP: 3/7
  1402 | D:2      | Noticed Natasha
  1407 | D:2      | Killed Natasha
  1503 | D:2      | Found a runed translucent door.
  1503 | D:2      | Noticed Terence
  1504 | D:2      | Noticed Crazy Yiuf
  1511 | D:2      | Killed Crazy Yiuf
  1512 | D:2      | Reached XP level 5. HP: 12/28 MP: 3/8
  1513 | D:2      | Killed Terence
  1514 | D:2      | Reached skill level 7 in Earth Magic
  1636 | D:3      | Noticed a phantom
  1955 | D:3      | Reached XP level 6. HP: 28/32 MP: 5/9
  1956 | D:3      | Reached skill level 8 in Earth Magic
  2511 | D:3      | Reached XP level 7. HP: 36/36 MP: 5/11
  2842 | D:4      | Reached skill level 9 in Earth Magic
  3098 | D:4      | Killed from afar by an orc wizard

Illustrated notes

Levels and vault maps discovered:
D:1:      lordsloth_arrival_two_stooges, layout_rooms, minmay_misc_feat_rows
D:2:      layout_loops_cross, hellmonk_ecumenical_altar_run_dry,
          minmay_shallow_snake_nest, uniq_crazy_yiuf_cottage, uniq_natasha,
          uniq_terence
D:3:      layout_basic
D:4:      layout_loops_corners, nicolae_overflow_hidden_temple,
          mainiacjoe_overflow_big_doors, nrook_uturn, uniq_pikel

Skill      XL: |  1  2  3  4  5  6  7 |
---------------+----------------------+-----
Earth Magic    | 4 6 7 8 9 |  9.1
Spellcasting   | 3 |  3.4
Dodging        | |  1.5
Stealth        | |  2.1
Transmutations | |  0.7

Action                     |  1- 3 |  4- 6 |  7- 9 || total
---------------------------+-------+-------+-------++-------
  Melee: Unarmed           |     6 |    16 |       ||    22
         Morningstar       |       |       |     9 ||     9
   Cast: Sandblast         |    45 |    52 |    19 ||   116
    Use: Scroll            |       |       |     8 ||     8
 Armour: Robe              |     8 |    24 |    13 ||    45
  Dodge: Dodged            |     6 |    22 |     6 ||    34
